 Dungeon Sprint DCSS version 0.27-a0-1291-geefcff550b (webtiles) character file.

Game seed: 12009257113242864860

15470 mhtbhm the Bludgeoner (level 12, 0/135 (208) HPs)
             Began as a Troll Berserker on June 15, 2021.
             Was the Champion of Trog.
             Slain by a profane servitor (4 damage)
             ... in the Dungeon (Sprint VII: "The Pits").
             The game lasted 00:06:10 (2698 turns).

mhtbhm the Bludgeoner (Troll Berserker)             Turns: 2698, Time: 00:06:10

HP:   0/135 (208)   AC:  5    Str: 32    XL:     12   Next: 1%
MP:   11/11         EV: 16    Int:  3    God:    Trog [******]
Gold: 50            SH:  0    Dex: 15    Spells: 11/11 levels left

rFire    . . .     SeeInvis .   a - +2 giant spiked club (flame)
rCold    . . .     Faith    .   (shield currently unavailable)
rNeg     . . .     Spirit   .   b - +0 animal skin
rPois    .         Reflect  .   (helmet restricted)
rElec    .         Harm     .   n - +0 cloak
rCorr    .         Rampage  .   (gloves unavailable)
Will     .....     NoTele   +   (boots unavailable)
Stlth    ..........             (no amulet)
HPRegen  1.32/turn              k - +3 ring of dexterity
MPRegen  0.12/turn              l - +3 ring of dexterity

@: berserking, very heavily drained, very quick
A: large, unfitting armour, claws 3, regeneration 1, shaggy fur 1, tough skin 1
a: Renounce Religion, Berserk, Trog's Hand, Brothers in Arms


You were in the Dungeon.
You worshipped Trog.
Trog was exalted by your worship.
You visited 1 branch You collected 50 gold pieces.

Inventory:

Hand Weapons
 a - a +2 giant spiked club of flaming (weapon)
Missiles
 o - 4 large rocks
 p - 10 silver boomerangs
Armour
 b - a +0 animal skin (worn)
 n - a +0 cloak (worn)
Jewellery
 k - a +3 ring of dexterity (left claw)
 l - a +3 ring of dexterity (right claw)
Wands
 q - a wand of mindburst (19)
Scrolls
 h - 5 scrolls of blinking
 j - a scroll of summoning
 r - 2 scrolls of fog
 s - a scroll of fear
 t - 6 scrolls of enchant weapon
 u - 2 scrolls of identify
 v - a scroll of holy word
Potions
 c - 11 potions of curing
 d - 12 potions of heal wounds
 e - a potion of haste
 f - 5 potions of magic
 g - 5 potions of berserk rage
 i - 2 potions of invisibility
 m - 4 potions of might


   Skills:
 + Level 14.3 Fighting
 + Level 17.6 Maces & Flails
 + Level 12.8 Dodging
 - Level 3.5 Stealth


You had 11 spell levels left.
You didn't know any spells.
Your spell library was empty.

Dungeon Overview and Level Annotations

Branches:
Dungeon (1/1)

Altars:
Ashenzari
Cheibriados
Dithmenos
Elyvilon
Fedhas
Gozag
Hepliaklqana
Kikubaaqudgha
Makhleb
Nemelex Xobeh
Okawaru
Qazlal
Ru
Sif Muna
Trog
Uskayaw
Vehumet
Wu Jian
Xom
Yredelemnul
Zin
The Shining One
Beogh
Jiyva
Lugonu


Innate Abilities, Weirdness & Mutations

You are too large for most types of armour.
You have claws for hands.
Your natural rate of healing is unusually fast.
You are covered in fur. (AC +1)
You have tough skin. (AC +1)


Message History

* * * LOW HITPOINT WARNING * * *
The profane servitor barely misses you.
You closely miss the profane servitor.
The profane servitor is moderately damaged.
The profane servitor hits you with a +1 whip of draining!
* * * LOW HITPOINT WARNING * * *
The profane servitor draws strength from your injuries!
You feel drained.
* * * LOW HITPOINT WARNING * * *
The profane servitor hits you with a +1 whip of draining.
* * * LOW HITPOINT WARNING * * *
You feel drained.
* * * LOW HITPOINT WARNING * * *
Your cyclops hits the profane servitor!!
You bludgeon the profane servitor!! You burn the profane servitor!
The profane servitor is heavily damaged.
The profane servitor closely misses you. x2
Unknown command.
Unknown command.
You completely miss the profane servitor.
The profane servitor is heavily damaged.
Your cyclops hits the profane servitor!
The profane servitor hits your cyclops with a +1 whip of draining!!
The profane servitor drains your cyclops.
The profane servitor hits your cyclops with a +1 whip of draining.
The profane servitor drains your cyclops.
Unknown command.
You closely miss the profane servitor.
The profane servitor is severely damaged.
The profane servitor hits you with a +1 whip of draining.
* * * LOW HITPOINT WARNING * * *
The profane servitor draws strength from your injuries!
You feel drained.
* * * LOW HITPOINT WARNING * * *
The profane servitor hits you with a +1 whip of draining!
* * * LOW HITPOINT WARNING * * *
You feel drained.
* * * LOW HITPOINT WARNING * * *
You feel drained.
You die...

###########..#....#..#
.........''..........#
.........''..........#
#######..##..#....#..#
#..##..........+ #..##..........+
#..####''####++#
#..####''####++#########
#..##.A@C..##...........
##########..##.#A##.##...........
..........).##.#{3 .##..#########
............## 'Yc# ##..#
#''########## #)|+ #..#
#''########## +..# #..#
........##..# ##+# #..#
.#......##..# #..# ........''..#
#).#


You could see a profane servitor (strong, ally target), a death yak, a cherub, a
yaktaur, a sixfirhy and a friendly cyclops (summoned, berserk, drained).

Vanquished Creatures
  A nagaraja (D)
  A merfolk impaler (D)
  2 boulder beetles (D)
  2 two-headed ogres (D)
  A vampire mage (D)
  A shadow wraith (D)
  An orc sorcerer (D)
  A cyclops (D)
  An elephant (D)
  Joseph (D)
  A cane toad (D)
  A black mamba (D)
  A gargoyle (D)
  A smoke demon (D)
  A freezing wraith (D)
  A kobold demonologist (D)
  A red devil (D)
  2 jumping spiders (D)
  A polar bear (D)
  3 merfolk (D)
  A tyrant leech (D)
  A hornet (D)
  A shadow (D)
  A spriggan (D)
  A wyvern (D)
  2 floating eyes (D)
  A swamp drake (D)
  An orc warrior (D)
  A black bear (D)
  A small abomination (D)
  An ogre (D)
  6 wolves (D)
  A centaur (D)
  A kobold brigand (D)
  An earth elemental (D)
  A gnoll sergeant (D)
  7 killer bees (D)
  A crimson imp (D)
  2 iron imps (D)
  Jessica (D)
  An iguana (D)
  An orc wizard (D)
  A hell rat (D)
  A mummy (D)
  A gnoll (D)
  An adder (D)
  An ufetubus (D)
  2 adder skeletons (D)
  An adder simulacrum (D)
  2 orcs (D)
  A bat skeleton (D)
  An endoplasm (D)
  A goblin (D)
  3 kobolds (D)
  2 quokkas (D)
  A ball python zombie (D)
  A frilled lizard (D)
  A rat (D)
81 creatures vanquished.

Vanquished Creatures (collateral kills)
  A fire giant (D)
  An orc high priest (D)
  A deep elf zephyrmancer (D)
  A manticore (D)
  A merfolk siren (D)
  A rust devil (D)
  A troll (D)
  A snapping turtle (D)
  3 killer bees (D)
  A quasit (D)
  An orc priest (D)
  A white imp (D)
  3 orcs (D)
17 creatures vanquished.

Vanquished Creatures (others)
  A quasit (D)
1 creature vanquished.

Grand Total: 99 creatures vanquished

Notes
Turn   | Place    | Note
-------+----------+-------------------------------------------
     0 | D        | mhtbhm the Troll Berserker began the quest for the Orb.
     0 | D        | Reached XP level 1. HP: 22/22 MP: 0/0
    21 | D        | Found a bloodstained altar of Trog.
    21 | D        | Found a shimmering blue altar of Sif Muna.
    21 | D        | Found a viscous altar of Jiyva.
    21 | D        | Found a hazy altar of Hepliaklqana.
    21 | D        | Found an opulent altar of Gozag.
    56 | D        | Reached skill level 3 in Maces & Flails
    58 | D        | Reached ** piety under Trog
    82 | D        | Noticed a floating eye
    89 | D        | Killed a floating eye
    90 | D        | Reached skill level 5 in Fighting
    90 | D        | Reached skill level 5 in Maces & Flails
    90 | D        | Reached XP level 2. HP: 35/35 MP: 1/1
    90 | D        | Reached XP level 3. HP: 42/42 MP: 2/2
    90 | D        | Reached XP level 4. HP: 50/50 MP: 3/3
    91 | D        | Reached *** piety under Trog
   141 | D        | Found a glowing golden altar of the Shining One.
   141 | D        | Found a glowing silver altar of Zin.
   141 | D        | Found a basalt altar of Yredelemnul.
   141 | D        | Found a shimmering altar of Xom.
   141 | D        | Found an ornate altar of the Wu Jian Council.
   141 | D        | Found a sacrificial altar of Ru.
   141 | D        | Found a stormy altar of Qazlal.
   141 | D        | Found an iron altar of Okawaru.
   141 | D        | Found a sparkling altar of Nemelex Xobeh.
   141 | D        | Found a burning altar of Makhleb.
   141 | D        | Found a blossoming altar of Fedhas.
   141 | D        | Found a white marble altar of Elyvilon.
   141 | D        | Found a shadowy altar of Dithmenos.
   141 | D        | Found a snail-covered altar of Cheibriados.
   142 | D        | Found a radiant altar of Vehumet.
   142 | D        | Found a corrupted altar of Lugonu.
   167 | D        | Noticed a floating eye
   168 | D        | Paralysed by a floating eye for 3 turns
   174 | D        | Paralysed by a floating eye for 2 turns
   178 | D        | Killed a floating eye
   179 | D        | Reached skill level 7 in Maces & Flails
   179 | D        | Reached skill level 5 in Dodging
   179 | D        | Reached skill level 1 in Stealth
   179 | D        | Reached XP level 5. HP: 59/59 MP: 4/4
   284 | D        | Noticed Jessica
   285 | D        | Noticed an ogre
   290 | D        | Killed an ogre
   290 | D        | Reached **** piety under Trog
   291 | D        | Reached XP level 6. HP: 68/68 MP: 5/5
   294 | D        | Killed Jessica
   295 | D        | Reached skill level 8 in Maces & Flails
   357 | D        | Reached ***** piety under Trog
   374 | D        | Noticed a red devil
   382 | D        | Killed a red devil
   383 | D        | Reached skill level 9 in Maces & Flails
   383 | D        | Reached XP level 7. HP: 64/80 MP: 6/6
   453 | D        | Reached skill level 10 in Maces & Flails
   458 | D        | Identified the +4 dire flail of Varchiet {flame, rC- Will+
                  | Str+2} (Trog gifted it to you in the Dungeon)
   458 | D        | Received a gift from Trog
   584 | D        | Noticed an orc high priest
   584 | D        | Noticed a troll
   584 | D        | Noticed a vampire mage
   585 | D        | Noticed a neqoxec
   585 | D        | Noticed a red devil
   607 | D        | Killed a vampire mage
   608 | D        | Reached skill level 11 in Maces & Flails
   608 | D        | Reached XP level 8. HP: 44/92 MP: 7/7
   611 | D        | Killed a troll
   614 | D        | Received a gift from Trog
   619 | D        | Killed an orc high priest
   758 | D        | Found a hide-covered altar of Uskayaw.
   758 | D        | Found an ancient bone altar of Kikubaaqudgha.
   758 | D        | Found a broken altar of Ashenzari.
   786 | D        | Noticed a kobold demonologist
   790 | D        | Reached skill level 12 in Maces & Flails
   790 | D        | Reached XP level 9. HP: 101/101 MP: 8/8
   795 | D        | Reached skill level 10 in Fighting
   796 | D        | Received a gift from Trog
   797 | D        | Reached ****** piety under Trog
   800 | D        | Killed a kobold demonologist
   931 | D        | Noticed a black mamba
   931 | D        | Noticed a freezing wraith
   931 | D        | Noticed a two-headed ogre
   939 | D        | Killed a two-headed ogre
   939 | D        | Received a gift from Trog
   940 | D        | Reached skill level 13 in Maces & Flails
   945 | D        | Killed a black mamba
   949 | D        | Killed a freezing wraith
   950 | D        | Reached XP level 10. HP: 22/113 MP: 9/9
  1204 | D        | Noticed a cyclops
  1216 | D        | Killed a cyclops
  1217 | D        | Reached skill level 10 in Dodging
  1266 | D        | Noticed a merfolk impaler
  1275 | D        | Killed a merfolk impaler
  1276 | D        | Reached skill level 14 in Maces & Flails
  1298 | D        | Received a gift from Trog
  1587 | D        | Noticed a boulder beetle
  1605 | D        | Killed a boulder beetle
  1606 | D        | Reached skill level 15 in Maces & Flails
  1753 | D        | Noticed a two-headed ogre
  1761 | D        | Killed a two-headed ogre
  1761 | D        | Received a gift from Trog
  1766 | D        | Reached XP level 11. HP: 124/124 MP: 10/10
  1806 | D        | Killed a shadow wraith
  1864 | D        | Received a gift from Trog
  1873 | D        | Reached skill level 16 in Maces & Flails
  1929 | D        | Noticed an orc sorcerer
  1931 | D        | Noticed a soul eater
  1932 | D        | Noticed a deep elf zephyrmancer
  1937 | D        | Killed an orc sorcerer
  1944 | D        | Received a gift from Trog
  1946 | D        | Killed a deep elf zephyrmancer
  1954 | D        | Received a gift from Trog
  2064 | D        | Noticed a fire giant
  2064 | D        | Noticed Joseph
  2076 | D        | Killed a fire giant
  2076 | D        | Received a gift from Trog
  2086 | D        | Killed Joseph
  2118 | D        | Noticed a boulder beetle
  2126 | D        | Received a gift from Trog
  2127 | D        | Reached skill level 17 in Maces & Flails
  2206 | D        | Noticed a nagaraja
  2211 | D        | Killed a boulder beetle
  2220 | D        | Killed a nagaraja
  2221 | D        | Reached XP level 12. HP: 139/139 MP: 11/11
  2603 | D        | Received a gift from Trog
  2686 | D        | Noticed a profane servitor
  2686 | D        | Noticed a death yak
  2687 | D        | Noticed a death yak
  2687 | D        | Noticed a death yak
  2698 | D        | HP: 4/141 [profane servitor (5)]
  2698 | D        | Slain by a profane servitor

Illustrated notes

Levels and vault maps discovered:
D:        pitsprint [storerooms_1, entrance_room_1, metal_vault_4, armoury_2,
          mini_pit_1, grid_room_1, main_hall_1, silver_pit, the_coven_1,
          the_vestibule_1, steel_vault_1, golden_pit, hallway_of_sentries,
          crystal_vault_1, iron_vault_4, final_vault]

Skill      XL: |  1  2  3  4  5  6  7  8  9 10 11 |
---------------+----------------------------------+-----
Maces & Flails | 5 7 9 11 12 13 15 17 | 17.6
Fighting       | 5 6 8 9 11 12 14 | 14.3
Dodging        | 4 5 7 8 9 11 12 | 12.8
Stealth        | 1 2 3 |  3.5

Action                   |  1- 3 |  4- 6 |  7- 9 | 10-12 || total
-------------------------+-------+-------+-------+-------++-------
Melee: Mace              |    20 |    34 |    20 |       ||    74
       Dire flail        |       |       |    54 |   112 ||   166
       Giant club        |       |       |       |    36 ||    36
       Giant spiked club |       |       |       |    21 ||    21
Invok: Berserk           |     1 |     2 |     3 |     9 ||    15
       Brothers in Arms  |       |       |     1 |     3 ||     4
       Trog's Hand       |       |       |       |     1 ||     1
  Use: Potion            |       |       |       |     2 ||     2
 Stab: Sleeping          |     1 |     1 |       |       ||     2
Armor: Animal skin       |     7 |     2 |    15 |    19 ||    43
Dodge: Dodged            |     4 |    10 |    43 |   112 ||   169

Table legend: (Time is in decaauts)
 A = Elapsed time spent in this place.
 B = Non-inter-level travel time spent in this place.
 C = Inter-level travel time spent in this place.
 D = Time resting spent in this place.
 E = Time spent auto-exploring this place.
 F = Levels seen in this place.
 G = Mean time per level.
                   A        B        C        D        E       F      G
               +--------+--------+--------+--------+--------+-----+--------+
         Total |   2782 |   2782 |      0 |   1477 |     93 |   1 | 2782.0 |
       Dungeon |   2782 |   2782 |      0 |   1477 |     93 |   1 | 2782.0 |
               +--------+--------+--------+--------+--------+-----+--------+

Top non-repeatable levels by time:
       D: 2782 daAuts
